AoeStats
← Anemone689082

Yucatan

510365838Analyzed
2v2 RM · 1d ago on Sep 30, 2026· 25m 9s· 4 players
Game mode
Random Map
Map size
Medium (4 player)
Population
200
Speed
Normal
Resources
Standard
Victory
Conquest
Starting age
Dark Age
Ending age
Imperial Age
RankedLock teamsTeams togetherTeam positionsShared explorationLock speedFull tech treeHidden civsTurbo modeCheats
Victory
Defeat
🇨🇴 Mongols · Colombia
1180
+15
🇺🇸 Varangians · United States
1127
+17
🇨🇭 Mongols · Switzerland
1183
-17
🇨🇭 Khmer · Switzerland
1121
-18
Anemone689082
10:17 Feudal Age
8:34 Loom
14:41 Castle Age
14:46 Double-Bit Axe
15:18 Scale Barding Armor
15:23 Forging
16:27 Chain Barding Armor
16:18 Forging
16:35 Bow Saw
16:08 Horse Collar
17:59 Bloodlines
21:13 Fletching
pascal.rotzinger
7:58 Loom
10:08 Feudal Age
14:39 Castle Age
17:26 Gold Mining
20:25 Double-Bit Axe
21:59 Bloodlines
NoobWithATube
2:46 Loom
10:05 Feudal Age
12:36 Double-Bit Axe
17:05 Castle Age
16:22 Scale Mail Armor
16:32 Forging
16:46 Gold Mining
16:38 Horse Collar
17:30 Gambesons
18:05 Chain Mail Armor
18:56 Town Watch
22:13 Arson
22:36 Squires
Diegonorreea
7:54 Feudal Age
9:18 Loom
15:54 Scale Barding Armor
15:59 Forging
16:50 Double-Bit Axe
19:25 Castle Age
19:25 Gold Mining
20:26 Fletching
22:18 Husbandry
23:16 Gold Shaft Mining
Connection lost

Rejoining the realm…

Still unreachable

The connection could not be restored.

Session expired

The server has moved on; the page needs a fresh start.